 Dungeon Crawl Stone Soup version 0.24-a0-512-g2b48af375b (webtiles) character file.

Game seed: 16848334916907701907

799 Gargoyl the Skirmisher (level 7, -3/59 HPs)
             Began as a Centaur Abyssal Knight on July 20, 2019.
             Was a Priest of Lugonu.
             Slain by a killer bee (4 damage)
             ... on level 5 of the Dungeon.
             The game lasted 00:06:31 (2864 turns).

Gargoyl the Skirmisher (Centaur Abyssal Knight)     Turns: 2864, Time: 00:06:32

Health: -3/59      AC: 11    Str: 15    XL:     7   Next: 59%
Magic:  9/9        EV:  5    Int: 11    God:    Lugonu [***...]
Gold:   138        SH:  7    Dex: 10    Spells: 6/6 levels left

rFire    . . .     SeeInvis .   a - +2 hand axe
rCold    . . .     Gourm    .   n - +0 shield
rNeg     . . .     Faith    .   o - +0 scale mail
rPois    .         Spirit   .   (no helmet)
rElec    .         Reflect  .   (no cloak)
rCorr    .         Harm     .   e - +1 pair of gloves
MR       .....                  (no barding)
Stlth    ..........             d - amulet of regeneration
HPRegen  0.59/turn              h - +2 ring of protection
MPRegen  0.11/turn              (no ring)

@: lethally poisoned (-3 -> -7), very quick
A: large, hooves 3, deformed body, speed 2, tough skin 3
a: Depart the Abyss, Bend Space, Banish, Renounce Religion


You were on level 5 of the Dungeon.
You worshipped Lugonu.
Lugonu was most pleased with you.
You were not hungry.

You visited 2 branches of the dungeon, and saw 6 of its levels.
You visited the Abyss 1 time.

You collected 138 gold pieces.

Inventory:

Hand Weapons
 a - a +2 hand axe (weapon)
Armour
 e - a +1 pair of gloves (worn)
 n - a +0 shield (worn)
 o - a +0 scale mail (worn)
Jewellery
 d - an amulet of regeneration (around neck)
 h - a +2 ring of protection (left hand)
Wands
 p - a wand of iceblast (5)
Scrolls
 g - 5 scrolls of remove curse
 i - a scroll of fear
Potions
 f - a potion of lignification
 l - a potion of brilliance
 m - a potion of resistance
Comestibles
 c - 7 rations


   Skills:
 + Level 4.1 Fighting
 + Level 4.0 Axes
 * Level 3.4 Armour
 * Level 2.9 Dodging
 + Level 1.0 Shields
 * Level 3.9 Invocations


You had 6 spell levels left.
You didn't know any spells.
Your spell library was empty.

Dungeon Overview and Level Annotations

Branches:
Dungeon (5/15)             Temple (1/1) D:5

Altars:
Dithmenos
Elyvilon


Innate Abilities, Weirdness & Mutations

You have hooves in place of feet.
Armour fits poorly on your strangely shaped body.
You cover ground very quickly.
You have extremely tough skin. (AC +3)


Message History

* * * LOW HITPOINT WARNING * * *
You block the killer bee's attack.
You miss the killer bee.
The killer bee is lightly wounded.
* * * LOW HITPOINT WARNING * * *
You feel sick.
The killer bee stings you but does no damage.
The killer bee completely misses you.
A killer bee comes into view.
The killer bee moves out of view.
It was a potion of cancellation.
Your magical effects are unravelling.
You feel magically purged.
You feel less wooden.
Your +1 pair of gloves unmelds from your body.
Your +0 scale mail unmelds from your body.
You feel a little less mighty now.
* * * LOW HITPOINT WARNING * * *
You feel sick. The killer bee stings you.
You die...

#(.#...a.. #.#.# ## #(a#.# #..
#.#.#.###.... (....# .
#...$...y.... ##...# #.#
.#...# #.# .# .#.#.### #g# #.#
.#.#...#.. #g# #.# ##........
#y# #.# .....#..## #@# #.#.#
....###... #.# #.#.#
##..###..##..#.#.###.#.#
###..#..###..#.#.......##
.##.....##...#.#####.#.....
.................###.#.##.####
#......... #.........#.##....#
##..._...# ##..#..............
#.........##...#.#####.#####.


You could see a killer bee and 2 gnolls.

Vanquished Creatures
  Duvessa (D:3)
  An ice beast (D:5)
  A centaur (D:5)
  A bullfrog (D:4)
  2 scorpions (D:4)
  Dowan (D:4)
  A killer bee (D:5)
  A hound (D:4)
  A bullfrog skeleton (D:5)
  A centaur skeleton (D:4)
  A worker ant (D:5)
  An orc wizard (D:4)
  8 adders
  A shadow imp (D:5)
  2 dart slugs
  A leopard gecko (D:3)
  3 orcs
  3 giant cockroaches
  4 goblins
  6 hobgoblins
  6 jackals
  2 quokkas
  9 bats
  4 frilled lizards
  8 kobolds
  5 rats
75 creatures vanquished.

Notes
Turn   | Place    | Note
-------+----------+-------------------------------------------
     0 | Abyss:1  | Gargoyl the Centaur Abyssal Knight began the quest for the
                  | Orb.
     0 | Abyss:1  | Reached XP level 1. HP: 19/19 MP: 2/2
    44 | Abyss:1  | Noticed a quasit
    46 | Abyss:1  | Noticed a small abomination
    50 | D:1      | Escaped the Abyss
   110 | D:1      | Reached * piety under Lugonu
   204 | D:1      | Reached XP level 2. HP: 3/26 MP: 3/3
   598 | D:2      | Reached skill level 1 in Dodging
   598 | D:2      | Reached XP level 3. HP: 28/31 MP: 4/4
  1024 | D:2      | Reached ** piety under Lugonu
  1271 | D:3      | Reached XP level 4. HP: 38/38 MP: 5/5
  1583 | D:3      | Found a faded altar of an unknown god.
  1820 | D:4      | Reached XP level 5. HP: 25/45 MP: 5/7
  2065 | D:4      | Noticed Dowan
  2065 | D:4      | Noticed Duvessa
  2080 | D:4      | Reached XP level 6. HP: 22/52 MP: 8/8
  2170 | D:4      | Killed Dowan
  2197 | D:3      | Killed Duvessa
  2571 | D:5      | Entered Level 5 of the Dungeon
  2585 | D:5      | Reached XP level 7. HP: 36/59 MP: 9/9
  2598 | D:5      | Found a shadowy altar of Dithmenos.
  2697 | D:5      | Found a staircase to the Ecumenical Temple.
  2711 | Temple   | Entered the Ecumenical Temple
  2771 | D:5      | Reached *** piety under Lugonu
  2809 | D:5      | Reached skill level 1 in Shields
  2862 | D:5      | HP: 4/88 [killer bee (1)]
  2864 | D:5      | HP: 1/59 [poisoned by a killer bee]
  2864 | D:5      | Slain by a killer bee

Levels and vault maps discovered:
D:1:      shiori_shiawase, layout_rooms
D:2:      layout_basic
D:3:      layout_rooms, chequers_ecumenical_altar_simple_redux
D:4:      layout_rooms, first_ration, kennysheep_generic_room_10, uniq_duvessa
D:5:      layout_basic, minmay_temple_entry_slanted, gup_sewer_entry_bowl,
          nicolae_dithmenos_shadow_blocks, uniq_eustachio, uniq_ijyb,
          uniq_grinder
Temple:   regret_index_temple_chain_breaker

Skill      XL: |  1  2  3  4  5  6  7 |
---------------+----------------------+-----
Axes           | 2 3 4 |  4.0
Dodging        | 1 2 |  2.9
Armour         | 2 3 |  3.4
Invocations    | 3 |  3.9
Fighting       | 4 |  4.1
Shields        | 1 |  1.0

Action                   |  1- 3 |  4- 6 |  7- 9 || total
-------------------------+-------+-------+-------++-------
Melee: Hand axe          |   103 |   103 |    47 ||   253
       Kick              |    14 |    22 |     8 ||    44
Invok: Depart the Abyss  |     1 |       |       ||     1
  Use: Scroll            |     3 |     9 |       ||    12
       Potion            |       |     4 |     3 ||     7
  Eat: Chunk             |       |     2 |       ||     2
       Ration            |       |     1 |       ||     1
Armor: Leather armour    |    89 |    10 |       ||    99
       Scale mail        |       |    58 |    26 ||    84
       Skin              |       |       |     2 ||     2
Dodge: Dodged            |    97 |    32 |    14 ||   143
Block: Shield            |       |    46 |    22 ||    68

Table legend:
 A = Non-vault XP
 B = Vault XP
 C = Vault XP percentage of total XP
 D = Non-vault monster count
 E = Vault monster count
 F = Vault count percentage of total count
                 A         B        C        D         E       F
            +---------+---------+-------+---------+---------+-------
      Total |     891 |     251 |  22.0 |      72 |       3 |   4.0
            +---------+---------+-------+---------+---------+-------
        D:1 |      31 |       0 |   0.0 |      19 |       0 |   0.0
        D:2 |      63 |       0 |   0.0 |      18 |       0 |   0.0
        D:3 |      35 |     142 |  80.2 |      14 |       1 |   6.7
        D:4 |     349 |     109 |  23.8 |      13 |       2 |  13.3
        D:5 |     413 |       0 |   0.0 |       8 |       0 |   0.0
            +---------+---------+-------+---------+---------+-------
